Map: Kairos Junction LE

Players

Lambo - Winner!

  • Race: Zerg Zerg
  • League: Grandmaster
  • Spawn Location: 5:00

goblin

  • Race: Protoss Protoss
  • League: Grandmaster
  • Spawn Location: 11:00

VOD

Have the link to the VOD?

Description

Time

  • Played on: Jan. 12, 2019, 11:04 a.m.
  • Length: 9:42
Show
View Real Time Build Order
Export as new Build Order

Lambo Zerg - Winner!

Build Orders: Hatch First 

Get SALT Encoding   

  12  0:00  Drone  
  13  0:14  Overlord  
  13  0:20  Drone  
  14  0:33  Drone x2  
  16  0:49  Hatchery  
  15  0:52  Drone  
  15  0:55  Drone  
  17  1:00  Drone  
  18  1:09  Extractor  
  17  1:14  Spawning Pool  
  17  1:18  Drone  
  17  1:21  Drone  
  18  1:30  Drone  
  19  1:44  Drone  
  20  1:53  Overlord  
  20  2:03  Queen x2  
  20  2:04  Zergling x4  
  26  2:12  Drone  
  26  2:13  Metabolic Boost  
  26  2:15  Drone  
  29  2:22  Drone  
  29  2:27  Drone  
  30  2:39  Hatchery  
  30  2:41  Drone  
  31  2:44  Drone  
  31  2:46  Drone  
  31  2:50  Overlord  
  32  2:56  Queen  
  34  3:00  Drone  
  34  3:04  Drone  
  36  3:08  Drone x2  
  38  3:13  Drone x2  
  38  3:15  Drone  
  38  3:16  Overlord  
  38  3:19  Drone  
  42  3:22  Drone  
  42  3:23  Drone  
  44  3:31  Overlord  
  44  3:34  Drone  
  44  3:35  Queen  
  44  3:39  Drone  
  48  3:43  Drone x2  
  48  3:44  Drone x2  
  48  3:45  Spore Crawler  
  51  3:51  Overlord  
  51  3:53  Drone x2  
  51  3:55  Spore Crawler  
  52  3:58  Queen  
  54  4:06  Zergling x6  
  54  4:07  Zergling x2  
  58  4:10  Drone x2  
  58  4:13  Drone x2  
  62  4:17  Drone  
  62  4:18  Drone  
  64  4:25  Drone x2  
  64  4:27  Lair  
  64  4:30  Roach Warren  
  65  4:36  Drone  
  65  4:37  Overlord  
  64  4:48  Drone  
  65  4:53  Extractor x2  
  65  4:58  Drone x3  
  65  4:59  Drone x3  
  68  5:00  Queen  
  68  5:03  Spore Crawler  
  68  5:04  Drone x5  
  68  5:06  Drone  
  74  5:14  Queen, Evolution Chamber  
  74  5:15  Extractor  
  74  5:21  Overlord, Spore Crawler  
  74  5:28  Overlord  
  73  5:29  Drone  
  73  5:33  Drone  
  74  5:36  Overlord  
  74  5:38  Overlord x2  
  74  5:39  Overlord  
  74  5:40  Spore Crawler, Zerg Missile Weapons Level 1  
  73  5:44  Hydralisk Den, Drone x8  
  80  5:50  Queen, Drone x2  
  80  5:51  Overlord  
  80  5:52  Overlord  
  81  5:57  Drone x2  
  81  5:58  Extractor  
  82  6:05  Zergling x4  
  82  6:06  Drone  
  82  6:08  Drone x2  
  82  6:09  Drone  
  88  6:14  Drone x2  
  88  6:15  Queen  
  92  6:19  Baneling Nest, Grooved Spines  
  92  6:20  Drone  
  92  6:21  Extractor  
  92  6:23  Drone x4  
  95  6:26  Queen  
  95  6:27  Drone x3  
  95  6:29  Drone x2  
  100  6:36  Drone  
  101  6:42  Hydralisk x2  
  105  6:49  Hydralisk x4  
  105  6:53  Hatchery  
  112  6:55  Hydralisk  
  112  6:59  Overlord  
  114  7:04  Overlord  
  114  7:05  Hydralisk x3  
  120  7:11  Infestation Pit  
  120  7:14  Hydralisk  
  121  7:22  Centrifical Hooks  
  121  7:24  Overlord  
  121  7:25  Hydralisk  
  121  7:29  Overlord  
  123  7:32  Drone x2  
  123  7:33  Drone x4  
  123  7:36  Drone  
  128  7:38  Overlord, Muscular Augments  
  128  7:46  Hydralisk x4  
  128  7:48  Drone x3  
  139  7:57  Extractor  
  138  8:04  Evolution Chamber  
  138  8:05  Zergling x20  
  144  8:08  Overlord  
  144  8:12  Extractor  
  145  8:14  Hive  
  145  8:17  Spire  
  145  8:18  Drone x3  
  147  8:23  Zergling x14  
  154  8:35  Overlord  
  154  8:36  Overlord  
  154  8:37  Zergling x2  
  154  8:38  Zergling x10  
  158  8:41  Zergling x2  
  158  8:45  Baneling x14  
  158  8:46  Zergling x4, Baneling x4  
  160  8:50  Zergling x2  
  160  8:51  Zergling x14  
  160  8:53  Baneling x6  
  168  8:56  Zergling x2  
  168  8:59  Zergling x8  
  168  9:01  Baneling x6  
  173  9:03  Zergling x10  
  178  9:10  Zergling x2  
  178  9:14  Zergling x6  
  178  9:16  Zergling x2  
  178  9:17  Zergling x4  
  173  9:21  Overlord  
Show
View Real Time Build Order
Export as new Build Order

goblin Protoss 

Build Orders: 1 Gate Expand, Oracle Opening, Phoenix Opening, Mass Phoenix 

Get SALT Encoding   

  12  0:00  Probe  
  13  0:12  Probe  
  14  0:18  Pylon  
  14  0:24  Probe  
  15  0:32  Probe  
  15  0:40  Probe, Gateway  
  16  0:46  Assimilator  
  17  0:51  Probe  
  18  1:03  Probe  
  19  1:21  Nexus  
  19  1:23  Probe  
  20  1:37  Probe, Cybernetics Core  
  21  1:46  Assimilator  
  21  1:49  Probe  
  22  1:54  Pylon  
  22  2:01  Probe  
  22  2:04  Adept  
  23  2:09  Probe  
  26  2:17  Probe  
  26  2:22  Stargate  
  27  2:28  Probe  
  28  2:30  Adept  
  28  2:34  Probe  
  28  2:36  Warp Gate  
  30  2:40  Probe  
  30  2:42  Probe  
  33  2:51  Probe  
  33  2:52  Probe  
  33  2:56  Gateway  
  35  3:01  Probe  
  35  3:04  Probe  
  37  3:06  Phoenix  
  37  3:09  Probe  
  39  3:13  Assimilator  
  39  3:16  Probe  
  39  3:18  Probe  
  41  3:22  Assimilator  
  41  3:25  Pylon  
  42  3:28  Probe x2  
  44  3:38  Probe  
  44  3:39  Oracle  
  44  3:40  Probe  
  45  3:45  Pylon  
  49  3:48  Probe  
  49  3:50  Stargate  
  49  3:53  Probe  
  51  4:01  Probe  
  52  4:03  Pylon  
  52  4:05  Probe  
  53  4:10  Phoenix  
  53  4:13  Probe  
  56  4:24  Probe  
  56  4:25  Probe  
  56  4:27  Phoenix  
  58  4:35  Phoenix  
  58  4:38  Zealot  
  64  4:42  Nexus  
  64  4:48  Pylon  
  64  4:50  Phoenix  
  65  5:06  Phoenix  
  67  5:12  Probe  
  68  5:15  Phoenix  
  68  5:17  Robotics Facility  
  68  5:19  Robotics Facility  
  70  5:22  Probe  
  70  5:24  Probe  
  70  5:26  Pylon  
  72  5:31  Phoenix  
  72  5:33  Probe  
  72  5:34  Probe  
  75  5:41  Probe  
  75  5:42  Probe, Pylon  
  78  5:49  Probe  
  80  5:51  Probe  
  80  5:56  Probe  
  84  6:02  Probe  
  84  6:03  Probe  
  83  6:04  Probe  
  83  6:06  Immortal  
  83  6:07  Robotics Bay  
  83  6:08  Immortal  
  83  6:11  Assimilator  
  92  6:13  Assimilator  
  92  6:14  Probe  
  92  6:17  Probe  
  92  6:18  Twilight Council  
  94  6:21  Probe  
  94  6:22  Forge  
  95  6:27  Probe  
  95  6:32  Probe  
  97  6:33  Probe  
  97  6:37  Sentry  
  97  6:39  Pylon x2  
  100  6:42  Colossus x2  
  100  6:55  Protoss Ground Weapons Level 1  
  100  6:56  Extended Thermal Lance, Pylon  
  100  6:57  Pylon  
  112  7:04  Probe x2  
  112  7:07  Gateway x2  
  114  7:10  Pylon  
  114  7:11  Blink  
  114  7:19  Sentry  
  114  7:20  Sentry  
  114  7:21  Colossus  
  118  7:31  Warp Prism  
  126  7:39  Gateway  
  126  7:44  Gateway  
  126  7:46  Gateway  
  126  7:48  Gateway  
  126  7:50  Gateway  
  126  7:55  Sentry  
  126  7:56  Sentry  
  130  8:00  Observer  
  130  8:03  Gateway  
  130  8:05  Pylon  
  130  8:09  Gateway  
  131  8:13  Pylon  
  131  8:15  Pylon  
  131  8:16  Sentry, Stalker  
  135  8:22  Pylon  
  135  8:24  Pylon  
  135  8:25  Nexus  
  135  8:35  Stalker x3  
  141  8:51  Sentry, Stalker  
  141  8:52  Stalker x4  
  153  9:28  Stalker x5  
Tags
 
Add a new tag
Caveats
  • Supply blocks, unpowered buildings, or Contaminate may cause inaccurate times.
  • Supply counts are checked every 10 seconds.